 Dungeon Crawl Stone Soup version 0.30-b1-2-g02819fbbbe (webtiles) character file.

Game seed: 4211805543628646133

581 sanka the Ducker (level 7, -5/50 HPs)
             Began as a Vampire Warper on May 16, 2023.
             Was a Believer of Vehumet.
             Slain by a troll (8 damage)
             ... on level 5 of the Dungeon.
             The game lasted 00:08:45 (3943 turns).

sanka the Ducker (Vampire Warper)                   Turns: 3943, Time: 00:08:46

Health: -5/50      AC:  3    Str: 10    XL:     7   Next: 13%
Magic:  10/10      EV: 16    Int: 15    God:    Vehumet [**....]
Gold:   319        SH:  0    Dex: 22    Spells: 8/10 levels left

rFire   . . .        b - +1 sling (drain)
rCold   . . .        (no shield)
rNeg    . . .        a - +0 leather armour
rPois   .            (no helmet)
rElec   .            (no cloak)
rCorr   .            (no gloves)
SInv    +            (no boots)
Will    .....        (no amulet)
Stlth   ++           h - +6 ring of dexterity
HPRegen 0.48/turn    (no ring)
MPRegen 0.12/turn

%: no passive effects
@: healing quickly
A: alive, fangs 3, see invisible, vampiric 2
a: Exsanguinate, Renounce Religion


You were on level 5 of the Dungeon.
You worshipped Vehumet.
Vehumet was pleased with you.
You visited 1 branch of the dungeon, and saw 5 of its levels.

You collected 319 gold pieces.

Inventory:

Hand Weapons
 b - a +1 sling of draining (weapon)
Missiles
 c - 6 boomerangs of dispersal {=f}
 o - 6 boomerangs
Armour
 a - a +0 leather armour (worn)
Jewellery
 h - a +6 ring of dexterity (left hand)
 j - a ring of poison resistance
Wands
 s - a wand of flame (5)
Scrolls
 d - 2 scrolls of identify {@r1}
 f - 2 scrolls of fog
 i - 2 scrolls of fear {unknown}
 k - a scroll of teleportation {unknown}
 l - 2 scrolls of vulnerability {unknown}
 m - a scroll of enchant weapon {unknown}
 n - a scroll of poison {unknown}
 p - a scroll of magic mapping {unknown}
 t - a scroll of blinking
Potions
 e - 4 potions of invisibility {unknown}
 g - 2 potions of degeneration {unknown}
 q - a potion of curing {unknown}
 r - a potion of lignification {unknown}


   Skills:
 - Level 2.0 Fighting
 - Level 0.7 Throwing
 - Level 0.7 Armour
 + Level 6.2 Dodging
 - Level 5.0 Unarmed Combat
 - Level 2.0 Spellcasting
 - Level 2.4 Translocations
 - Level 2.0 Air Magic
 - Level 2.0 Poison Magic


You had 8 spell levels left.
You knew the following spells:

 Your Spells              Type           Power      Damage    Failure   Level
a - Poisonous Vapours     Pois/Air       14%        N/A       21%         2

Your spell library contained the following spells:

 Spells                   Type           Power      Damage    Failure   Level
 Blink                    Tloc           16%        N/A       17%         2
 Lesser Beckoning         Tloc           16%        N/A       17%         2
 Gell's Gravitas          Tloc           8%         N/A       34%         3
 Teleport Other           Tloc           8%         N/A       34%         3
 Vhi's Electric Charge    Tloc/Air       16%        N/A       36%         3
 Manifold Assault         Tloc           8%         N/A       75%         4
 Dispersal                Tloc           4%         N/A       100%        6


Dungeon Overview and Level Annotations

Branches:
Dungeon (5/15)
 Temple: D:4-7

Altars:
Vehumet

Shops:
D:2 ??!((   D:3 *


Innate Abilities, Weirdness & Mutations

Your natural rate of healing is accelerated.
You have razor-sharp teeth.
You have supernaturally acute eyesight. (SInv)
You are afflicted with vampirism and can become a bat while bloodless.


Message History

t - a +1 sling of draining Adjust (i)tems, (s)pells, or (a)bilities?
t - a +1 sling of draining Adjust to which letter? (? for menu, Esc to quit)
b - a +1 sling of draining;
t - a scroll of blinking You sense an unholy aura.
b - a +1 sling of draining (weapon)
Done exploring.
You open the door.
There is an open door here.
There is a stone staircase leading down here.
You climb downwards.
There is a stone staircase leading up here.
Unknown command.
A troll is nearby!
You shoot a sling bullet. The sling bullet hits the troll!
The troll is moderately wounded.
You shoot a sling bullet.
The sling bullet hits the troll but does no damage.
The troll is lightly wounded.
You shoot a sling bullet. The sling bullet hits the troll.
The troll is lightly wounded.
You see here an iguana skeleton.
The troll attacks as you move away! The troll barely misses you.
The troll misses you. The troll barely misses you.
The troll attacks as you move away! The troll bites you! The troll misses you.
The troll claws you.
As you read the scroll labelled GOAHOM TORICAK, it crumbles to dust.
It is a scroll of identify.
f - 2 scrolls of fog The troll closely misses you.
The troll claws you. The troll claws you!
Okay, then.
You shoot a sling bullet. The sling bullet hits the troll.
You drain the troll.
The troll is lightly wounded.
The troll bites you!
* * * LOW HITPOINT WARNING * * *
The troll claws you!
* * * LOW HITPOINT WARNING * * *
The troll claws you!
You die...

##.###...............##
#..##..........<.....#
##.#.................#
##..................##
##..................#
#..>...............# .#
##.................#
..#
#...............).##.#
##.........@.........#
##.#......T........#
##.##..<..........#
#..###..........##
#####.######.......#
#...##.## ####...##
##.......## ##..#
##..)......######..##
#..........รท.......#


You could see a troll (drained).

Vanquished Creatures
  Sigmund (D:4)
  2 scorpions (D:5)
  2 howler monkeys
  An iguana (D:5)
  Ijyb (D:4)
  7 adders
  A white imp (D:5)
  2 worms
  4 dart slugs
  10 orcs
  3 endoplasms
  3 giant cockroaches
  9 goblins
  10 hobgoblins
  7 jackals
  4 quokkas
  5 ball pythons
  6 bats
  4 frilled lizards
  4 kobolds
  6 rats
92 creatures vanquished.

Notes
Turn   | Place    | Note
-------+----------+-------------------------------------------
     0 | D:1      | sanka the Vampire Warper began the quest for the Orb.
     0 | D:1      | Reached XP level 1. HP: 16/16 MP: 3/3
   221 | D:1      | Reached XP level 2. HP: 22/22 MP: 5/5
   736 | D:2      | Gained mutation: You are afflicted with vampirism and can
                  | become a bat while bloodless. [Vampire growth]
   736 | D:2      | Reached XP level 3. HP: 18/27 MP: 6/6
   913 | D:2      | Found Zoxauqaa's Antique Weapon Emporium.
   958 | D:2      | Found Jaurokh's Weapon Boutique.
   971 | D:2      | Reached XP level 4. HP: 25/33 MP: 7/7
  1025 | D:2      | Found Kinol's Distillery.
  1084 | D:2      | Reached skill level 5 in Unarmed Combat
  1122 | D:2      | Found Jaunivea's Magic Scroll Shoppe.
  1283 | D:2      | Found Yngeaj's Magic Scroll Shoppe.
  1486 | D:2      | Found a faded altar of an unknown god.
  1558 | D:2      | Prayed at the altar of an unknown god.
  1558 | D:2      | Became a worshipper of Vehumet
  1558 | D:2      | Reached * piety under Vehumet
  1558 | D:2      | Offered knowledge of Foxfire by Vehumet.
  1678 | D:3      | Reached skill level 3 in Dodging
  1866 | D:3      | Reached XP level 5. HP: 30/38 MP: 8/8
  2068 | D:3      | Found Etonefog's Assorted Antiques.
  2671 | D:4      | Noticed Sigmund
  2798 | D:4      | Noticed Ijyb
  2804 | D:5      | Entered Level 5 of the Dungeon
  2817 | D:5      | Offered knowledge of Poisonous Vapours by Vehumet.
  2818 | D:5      | Reached skill level 4 in Dodging
  2829 | D:5      | Learned a level 2 spell: Poisonous Vapours
  2862 | D:5      | Reached ** piety under Vehumet
  2863 | D:5      | Reached skill level 1 in Air Magic
  2863 | D:5      | Reached XP level 6. HP: 34/44 MP: 9/9
  2870 | D:5      | Reached skill level 1 in Poison Magic
  3078 | D:5      | Noticed a troll
  3129 | D:4      | Killed Ijyb
  3361 | D:4      | Reached skill level 5 in Dodging
  3763 | D:4      | Killed Sigmund
  3764 | D:4      | Reached skill level 6 in Dodging
  3764 | D:4      | Reached XP level 7. HP: 37/50 MP: 2/10
  3943 | D:5      | Slain by a troll

Illustrated notes

Levels and vault maps discovered:
D:1:      lemuel_arrival_muddy, layout_rooms, minmay_hedge_maze
D:2:      layout_rooms, serial_shops, nicolae_shop_tiny_statue_garden, shop,
          shop, nicolae_shop_rolled_up, shop,
          hellmonk_ecumenical_altar_defaced_shrine, serial_glass,
          glass_columns_a, glass_columns_a, glass_columns_a, glass_columns_c
D:3:      layout_basic, serial_shops, nicolae_shop_window_shopping
D:4:      layout_gridville, fountainhead, uniq_sigmund, uniq_ijyb
D:5:      layout_cave_pods, kennysheep_generic_room_11, uniq_blork_the_orc

Skill      XL: |  1  2  3  4  5  6 |
---------------+-------------------+-----
Fighting       | 2 |  2.0
Unarmed Combat | 4 5 |  5.0
Dodging        | 3 4 6 |  6.2
Air Magic      | 1 2 |  2.0
Poison Magic   | 2 |  2.0
Throwing       | |  0.7
Armour         | |  0.7
Spellcasting   | |  2.0
Translocations | |  2.4

Action                     |  1- 3 |  4- 6 |  7- 9 || total
---------------------------+-------+-------+-------++-------
  Melee: Unarmed           |   129 |   208 |       ||   337
         Bite              |     8 |    26 |       ||    34
         Punch             |     1 |    10 |       ||    11
   Fire: Sling             |       |       |     4 ||     4
  Throw: Boomerang         |       |     1 |       ||     1
   Cast: Poisonous Vapours |       |    16 |       ||    16
    Use: Scroll            |       |       |     1 ||     1
   Stab: Sleeping          |     2 |     3 |       ||     5
         Distracted        |       |     1 |       ||     1
 Armour: Leather armour    |    44 |    24 |       ||    68
  Dodge: Dodged            |    87 |   124 |     5 ||   216
